tribx, chaotic female elven Priestess ---- --- |..---.--- |........--- --.........| --- |-.......-| --.--------------- |.........--- ----...)...).@().G).GG.....- --.---......| |......--------------- ---- -----......| -------......---.-- |.....--- --...| ----........| ---.----- |....-- |........| |...| ---.|...-------..--..| ---.--- |...|......| |..--..-- |...| ---.--|......----.......| ---.------ |...| --.|..............| --........-----.--- |.|.........---.-- |.....---..-|...| --.|-.--...--- -- |...--- |...|%--- --<.|-----..| --..| --....| |...| ---- ---- ------ --.-- --- tribx the Acolyte Experience level: 3 Strength: 15 Dexterity: 13 Constitution: 14 Intelligence: 9 Wisdom: 13 Charisma: 11 Health: 0(21) Energy: 31(31) Def: 8 Gold: 555 Moves: 1058 Dungeon seed: UcmSSTXl_YOkFICa Game ID: tribx_1583286346 Your Inventory: Coins $ - 555 gold pieces Weapons a - a blessed +1 mace (weapon in hand) v - 4 blessed +1 darts Armor e - an uncursed +0 robe (being worn) n - a blessed +0 small shield (being worn) y - an uncursed +0 scale mail (being worn) z - an uncursed +0 orcish helm (being worn) Comestibles c - an uncursed clove of garlic d - an uncursed sprig of wolfsbane j - an uncursed pancake p - an uncursed tin of lichen w - 5 uncursed food rations Scrolls k - an uncursed scroll of teleportation q - an uncursed scroll of amnesia s - an uncursed scroll of stinking cloud t - an uncursed scroll of confuse monster D - a blessed scroll of remove curse Spellbooks B - an uncursed spellbook of slow monster Potions b - 4 potions of holy water u - an uncursed potion of water C - an uncursed potion of confusion Wands o - an uncursed wand of cancellation (0:4) Tools h - an uncursed oil lamp (0:1033) i - an uncursed wooden flute r - an uncursed bell A - an uncursed +0 pick-axe Gems N - an uncursed worthless piece of blue glass Spells and supernatural/magical abilities: Name Level Category Cost Memory n - detect monsters 1 divination 22pw 100% v - clairvoyance 3 divination 3000pw 100% W - pray for help -- divine ? -- X - turn undead -- divine ? -- Your skills at the end: Fighting Skills wands [Basic] Weapon Skills mace [Basic] Spellcasting Skills clerical spells [Basic] Final Attributes: You were piously aligned. You were immune to sleep. You saw invisible. You had infravision. Mars was noncommittal. You are dead. Vanquished creatures: a gnome lord a little dog a cave spider a red mold 4 gnomes a gecko a fox a kobold a goblin 2 grid bugs 6 newts 20 creatures vanquished. Voluntary challenges: You were vegetarian. You were an atheist. You used a wielded weapon 25 times, starting on turn 245. You read items or engraved 7 times, starting on turn 473. You never genocided any monsters. You never polymorphed an object. You never changed form. You used no wishes. You never split a pudding. You never wrote Elbereth's name. You never violated your personal moral code. Dungeon overview: The Dungeons of Doom: levels 1 to 4 Level 1 some fountains a long staircase Level 2 an altar to Mercury Level 3 a vault Level 4 a fountain stairs to The Gnomish Mines The Gnomish Mines: Level 5 <- You were here stairs to The Dungeons of Doom History has recorded: On T:1 you entered the Dungeons of Doom to retrieve the Amulet of Yendor! On T:327 you reached level 2 of The Dungeons of Doom. On T:446 you reached level 3 of The Dungeons of Doom. On T:736 you advanced to experience level 2. On T:760 you reached level 4 of The Dungeons of Doom. On T:939 you reached level 1 of The Gnomish Mines. On T:1050 you advanced to experience level 3. Score breakdown: Gold: 555 ( 9337 points) Experience: 3 levels ( 7878 points) Exploration: 5 levels ( 10.20%) ( 8660 points) Discoveries: 1 item ( 0.34%) ( 1761 points) Valuables value: (no points given unless you survive) Artifact value: 0 ( 0 points) Variety of kills: 11 monsters ( 2.89%) ( 5104 points) Turncount: 1058 turns ( 0 points) Survival: died (score multiplied by 80%) Total score: 26192 Latest messages: The dart hits the gnome. You hit the gnome lady! The gnome lady hits! The gnome shoots a crossbow bolt! The crossbow bolt misses the gnomish wizard. The crossbow bolt hits the gnome. The gnome picks up a crossbow bolt from the floor. The golden haze around the gnomish wizard becomes less dense. You hit the gnome lady! The gnome throws a dart! The dart misses the gnome. The dart misses the gnomish wizard. The dart misses the gnome. The dart misses the gnome lady. You are hit by a dart. You kill the gnome lady! The gnomish wizard casts a spell! The force bolt hits the gnome! The gnome is killed! The force bolt hits you! You die... For some reason, you think that you can almost hear the Wizard laugh manically... Final status: Goodbye tribx the Priestess, killed by a gnomish wizard's force bolt... You died in The Gnomish Mines on dungeon level 5 with 26192 points, and 555 pieces of gold, after 1058 moves. You were level 3 with a maximum of 21 hit points when you died.